 Dungeon Crawl Stone Soup version 0.31.0-12-g77e489cdc1 (webtiles) character file.

Game seed: 18200997225248294718

567 PaiMei the Grave Robber (level 7, -2/47 HPs)
             Began as a Demonspawn Necromancer on Mar 4, 2024.
             Slain by Grinder (3 damage)
             ... on level 3 of the Dungeon.
             The game lasted 00:06:09 (5645 turns).

PaiMei the Grave Robber (Demonspawn Necromancer)    Turns: 5645, Time: 00:06:09

Health: -2/47      AC:  3    Str: 11    XL:     7   Next: 11%
Magic:  12/12      EV: 13    Int: 23    God:
Gold:   182        SH:  0    Dex: 18    Spells: 9/13 levels left

rFire   . . .        q - +0 rapier
rCold   + . .        (no shield)
rNeg    . . .        p - +0 leather armour of the Heron {+Inv rC+ Str+3 Dex+4}
rPois   .            (helmet restricted)
rElec   .            (no cloak)
rCorr   .            (no gloves)
SInv    .            (no boots)
Will    .....        (no amulet)
Stlth   +++          k - +6 ring of intelligence
HPRegen 0.27/turn    (no ring)
MPRegen 0.13/turn

%: no passive effects
@: no status effects
A: horns 2, powered by death 1, weakness stinger 2, demonic touch 1
a: Evoke Invisibility


You were on level 3 of the Dungeon.
You visited 1 branch of the dungeon, and saw 6 of its levels.

You collected 182 gold pieces.

Inventory:

Hand Weapons
 c - a +0 club
 q - a +0 rapier (weapon)
Missiles
 h - 5 poisoned darts (quivered)
Armour
 a - a +0 robe
 m - the orb of the Everdark {mayhem, SInv}
   (You found it on level 2 of the Dungeon)

   SInv:      It lets you see invisible.
 p - the +0 leather armour of the Heron (worn) {+Inv rC+ Str+3 Dex+4}
   (You found it on level 5 of the Dungeon)

   Str+3:     It affects your strength (+3).
   Dex+4:     It affects your dexterity (+4).
   rC+:       It protects you from cold.
   +Inv:      It lets you turn invisible.
 t - a scarf of shadows
Jewellery
 k - a +6 ring of intelligence (left hand)
 n - a ring of resist corrosion
Scrolls
 g - 5 scrolls of teleportation {unknown}
 j - a scroll of enchant armour {unknown}
 o - 4 scrolls of identify {unknown}
 s - 2 scrolls of fog {unknown}
 u - a scroll of brand weapon {unknown}
Potions
 b - 2 potions of magic
 d - a potion of might {unknown}
 e - 2 potions of lignification {unknown}
 f - 3 potions of heal wounds {unknown}
 i - 2 potions of brilliance {unknown}
 l - 3 potions of curing {unknown}
 r - a potion of ambrosia {unknown}


   Skills:
 + Level 0.4 Fighting
 + Level 3.8 Dodging
 - Level 4.0 Stealth
 + Level 3.9 Spellcasting
 + Level 6.0 Necromancy


You had 9 spell levels left.
You knew the following spells:

 Your Spells              Type           Power      Damage    Failure   Level
a - Necrotise             Necr           100%       1d9       1%          1
b - Vampiric Draining     Necr           32%        2d8       3%          3

Your spell library contained the following spells:

 Spells                   Type           Power      Damage    Failure   Level
 Animate Dead             Necr           32%        N/A       12%         4
 Curse of Agony           Necr           32%        N/A       32%         5
 Anguish                  Hex/Necr       9%         N/A       36%         4
 Cause Fear               Hex            2%         N/A       80%         4
 Enfeeble                 Hex            2%         N/A       100%        7


Dungeon Overview and Level Annotations

Branches:
Dungeon (6/15)
 Temple: D:4-7

Altars:
Sif Muna
Uskayaw

Shops:
D:4 *[

Annotations:
D:3 1 runed translucent door, Ecant's ghost, weakling MiFi; Grinder


Innate Abilities, Weirdness & Mutations

You have a pair of horns on your head.
You regenerate a little health from kills.
You have a tail ending in a sharp stinger.
Your touch may inflict minor irresistible damage on your foes.


Message History

Done waiting.
There is a stone staircase leading down here.
You climb downwards.
Level annotation: 1 runed translucent door, Ecant's ghost, weakling MiFi; Grinder
There is a stone staircase leading up here.
You now have 174 gold pieces (gained 5).
You now have 182 gold pieces (gained 8).
g - 5 scrolls labelled ROUBIR SEKHIABB (gained 1)
You see here a +0 spear.
Found a cyan potion.
i - 2 cyan potions (gained 1) Grinder is nearby!
Grinder shouts!
Grinder says, "Wait up."
Grinder sighs, "No one appreciates my work."
You barely miss Grinder. Your headbutt misses Grinder. You tail-slap Grinder.
You touch Grinder!
Grinder is moderately wounded.
Grinder hits you.
You writhe in agony.
You closely miss Grinder.
Grinder is moderately wounded.
Grinder hits you.
You writhe in agony.
Grinder hits you.
You writhe in agony.
You hit Grinder. You headbutt Grinder. Your touch misses Grinder.
Grinder is heavily wounded.
Grinder gestures at you. Pain shoots through your body!
* * * LOW HITPOINT WARNING * * *
You barely miss Grinder. Your headbutt misses Grinder.
You tail-slap Grinder, but do no damage.
Your touch misses Grinder.
Grinder is heavily wounded.
Grinder hits you.
* * * LOW HITPOINT WARNING * * *
You writhe in agony.
* * * LOW HITPOINT WARNING * * *
You barely miss Grinder.
Grinder is heavily wounded.
Grinder hits you.
You die...
Grinder sighs, "Dead already?
I want a refund."

###...........>..####....
#..###.................
##.#.>.#...##..........
####..........#..##.###...
##.......##......##....#...
#..##.........#.##..##.#...
#.###......................
#.##........#.........###
##....#..)#@...........#
#...###...#5...........#
#..####.....#..........#####
#####.##........#..............#
##...#.##.##..#####.........###..
#.....###....## #......)..#####
...........### ##...#.........
.......#...# ###...........
.........### ###.........


You could see Grinder.

Vanquished Creatures
  An ogre (D:4)
  A black bear (D:4)
  A phantom (D:4)
  3 hounds
  2 iguanas (D:4)
  4 gnolls
  3 adders
  2 ribbon worms
  2 orcs
  6 endoplasms
  3 giant cockroaches
  4 goblins
  9 hobgoblins
  3 jackals (D:1)
  2 quokkas (D:1)
  5 ball pythons
  3 bats (D:1)
  7 frilled lizards
  9 kobolds
  6 rats
76 creatures vanquished.

Vanquished Creatures (collateral kills)
  A bombardier beetle (D:3)
  A ball python (D:1)
  A goblin (D:2)
  A frilled lizard (D:1)
4 creatures vanquished.

Grand Total: 80 creatures vanquished

Notes
Turn   | Place    | Note
-------+----------+-------------------------------------------
     0 | D:1      | PaiMei the Demonspawn Necromancer began the quest for the
                  | Orb.
     0 | D:1      | Reached XP level 1. HP: 13/13 MP: 3/3
   410 | D:1      | Discovered your monstrous ancestry.
   410 | D:1      | Gained mutation: Your touch may inflict minor irresistible
                  | damage on your foes. [demonic ancestry]
   410 | D:1      | Reached XP level 2. HP: 4/19 MP: 0/5
   490 | D:1      | Found a faded altar of an unknown god.
  1257 | D:1      | Gained mutation: You regenerate a little health from kills.
                  | [demonic ancestry]
  1257 | D:1      | Reached XP level 3. HP: 21/24 MP: 2/6
  1261 | D:1      | Learned a level 3 spell: Vampiric Draining
  1589 | D:2      | Identified the orb of the Everdark {mayhem, SInv}
  2430 | D:1      | Gained mutation: You have a pair of small horns on your
                  | head. [demonic ancestry]
  2430 | D:1      | Reached XP level 4. HP: 17/30 MP: 2/8
  3200 | D:3      | Noticed Grinder
  3242 | D:3      | Found a hide-covered altar of Uskayaw.
  3252 | D:3      | Found a shimmering blue altar of Sif Muna.
  3260 | D:3      | Reached skill level 5 in Necromancy
  3760 | D:2      | Gained mutation: You have a pair of horns on your head.
                  | [demonic ancestry]
  3760 | D:2      | Reached XP level 5. HP: 35/35 MP: 5/9
  3818 | D:3      | You fall into a shaft and drop 3 floors!
  3823 | D:5      | Entered Level 5 of the Dungeon
  3868 | D:5      | Identified the +0 leather armour of the Heron {+Inv rC+
                  | Str+3 Dex+4}
  3972 | D:4      | Found Dauhub's Armour Shoppe.
  4305 | D:4      | Gained mutation: You have a small tail. [demonic ancestry]
  4305 | D:4      | Reached XP level 6. HP: 41/41 MP: 2/11
  4478 | D:4      | Found Wekiynat's Assorted Antiques.
  4790 | D:4      | Gained mutation: You have a tail ending in a sharp stinger.
                  | [demonic ancestry]
  4790 | D:4      | Reached XP level 7. HP: 15/46 MP: 12/12
  5004 | D:4      | Reached skill level 6 in Necromancy
  5331 | D:3      | Found a runed translucent door.
  5339 | D:3      | Noticed Ecant's ghost (weakling MiFi)
  5644 | D:3      | HP: 1/47 [Grinder (6)]
  5645 | D:3      | Slain by Grinder

Illustrated notes

Levels and vault maps discovered:
D:1:      lightli_arrival_statuegarden, layout_loops_ring,
          dreamdust_ecumenical_altar_statues, minmay_tromino_mix6
D:2:      layout_basic
D:3:      layout_rooms, chequers_temple_overflow_statue_of_worship,
          ebering_ghost_sewer_d, uniq_grinder
D:4:      layout_basic, serial_shops, shop, nicolae_take_the_stairs
D:5:      layout_cave_pods
D:6:      layout_basic, grunt_temple_overflow_open, temple_hall

Skill      XL: |  1  2  3  4  5  6  7 |
---------------+----------------------+-----
Dodging        | 2 3 |  3.8
Stealth        | 2 3 4 |  4.0
Necromancy     | 5 6 |  6.0
Spellcasting   | 3 |  3.9
Fighting       | |  0.4

Action                     |  1- 3 |  4- 6 |  7- 9 || total
---------------------------+-------+-------+-------++-------
  Melee: Club              |    28 |     4 |       ||    32
         Touch             |     2 |     3 |     1 ||     6
         Headbutt          |       |     3 |     1 ||     4
         Rapier            |       |    16 |     5 ||    21
         Tailslap          |       |     1 |     2 ||     3
   Cast: Necrotise         |    86 |    63 |    18 ||   167
         Vampiric Draining |       |     5 |       ||     5
 Armour: Robe              |    37 |     5 |       ||    42
         Leather armour    |       |    31 |     9 ||    40
  Dodge: Dodged            |    30 |    31 |     2 ||    63
